 Dungeon Crawl Stone Soup version 0.29-a0-72-g1732ff48e7 (webtiles) character file.

Game seed: 5136664381236437905

724 HallandMoats the Skirmisher (level 7, -1/38 HPs)
             Began as a Vine Stalker Fighter on Feb 3, 2022.
             Slain by an orc warrior (11 damage)
             ... on level 6 of the Dungeon.
             The game lasted 00:04:14 (4158 turns).

HallandMoats the Skirmisher (Vine Stalker Fighter)  Turns: 4158, Time: 00:04:15

Health: -1/38      AC:  8    Str: 27    XL:     7   Next: 71%
Magic:  0/10       EV: 10    Int:  8    God:
Gold:   205        SH:  6    Dex: 13    Spells: 6/6 levels left

rFire   . . .      SeeInvis .   a - +0 trident
rCold   . . .      Faith    .   c - +1 buckler
rNeg    . . .      Spirit   +   b - +0 scale mail
rPois   .          Reflect  .   (no helmet)
rElec   .          Harm     .   (no cloak)
rCorr   .          Rampage  .   (no gloves)
Will    .....                   o - +0 pair of boots
Stlth   ..........              (no amulet)
HPRegen 0.92/turn               l - +6 ring of strength
MPRegen 0.12/turn               (no ring)

@: no status effects
A: fangs 2, regeneration 1, magic shield, antimagic bite, no potion heal 2
a: no special abilities


You were on level 6 of the Dungeon.
You visited 1 branch of the dungeon, and saw 6 of its levels.

You collected 205 gold pieces.

Inventory:

Hand Weapons
 a - a +0 trident (weapon)
Armour
 b - a +0 scale mail (worn)
 c - a +1 buckler (worn)
 o - a +0 pair of boots (worn)
Jewellery
 l - a +6 ring of strength (left hand)
Wands
 e - a wand of mindburst (21)
 n - a wand of digging (3)
Scrolls
 f - 2 scrolls of teleportation
 i - a scroll of immolation
 k - a scroll of identify
 m - a scroll of blinking
Potions
 d - 2 potions of curing {unknown}
 g - a potion of haste {unknown}
 h - 3 potions of lignification {unknown}
 j - a potion of attraction {unknown}
 p - a potion of might


   Skills:
 * Level 4.4 Fighting
 * Level 4.0 Polearms
 + Level 3.3 Armour
 + Level 1.8 Dodging
 + Level 3.7 Shields
 * Level 3.4 Invocations


You had 6 spell levels left.
You didn't know any spells.
Your spell library contained the following spells:

 Spells                   Type           Power      Damage    Failure   Level
 Static Discharge         Conj/Air       0%         N/A       88%         2
 Ignite Poison            Fire/Tmut/Pois 0%         N/A       98%         3
 Mephitic Cloud           Conj/Pois/Air  0%         N/A       98%         3
 Dispel Undead            Necr           0%         3d6       100%        4
 Sticky Flame             Conj/Fire      0%         2d3       100%        4
 Alistair's Intoxication  Tmut/Pois      0%         N/A       100%        5
 Borgnjor's Vile Clutch   Necr/Erth      0%         N/A       100%        5
 Freezing Cloud           Conj/Ice/Air   0%         6-21      100%        5
 Eringya's Noxious Bog    Tmut/Pois      0%         N/A       100%        6


Dungeon Overview and Level Annotations

Branches:
Dungeon (6/15)
 Temple: D:4-7

Altars:
Yredelemnul

Shops:
D:1 :


Innate Abilities, Weirdness & Mutations

You have extremely sharp teeth.
Your natural rate of healing is unusually fast.
When hurt, damage is shared between your health and your magic reserves.
Your bite disrupts and absorbs the magic of your enemies.
Potions cannot restore your health.


Message History

The orc wizard's magic leaks into the air.
You drain its magic.
The orc wizard is severely wounded.
The orc wizard completely misses you.
You closely miss the orc wizard. Your bite misses the orc wizard.
The orc wizard is severely wounded.
The orc wizard hits you but does no damage.
You hit the orc wizard. You bite the orc wizard.
You kill the orc wizard!
The orc warrior misses you.
You hit the orc warrior but do no damage.
Your bite misses the orc warrior. You block the orc warrior's attack.
You hit the orc warrior. You bite the orc warrior. You drain its power.
The orc warrior is moderately wounded.
The orc warrior hits you with a +0 battleaxe!
You hit the orc warrior.
You bite the orc warrior, but do no damage.
The orc warrior is heavily wounded.
The orc warrior hits you with a +0 battleaxe.
You hit the orc warrior but do no damage.
Your bite misses the orc warrior.
The orc warrior is heavily wounded.
The orc warrior hits you with a +0 battleaxe.
You hit the orc warrior but do no damage.
The orc warrior is heavily wounded.
The orc warrior hits you with a +0 battleaxe.
You hit the orc warrior.
You bite the orc warrior, but do no damage.
The orc warrior is severely wounded.
The orc warrior hits you with a +0 battleaxe.
You hit the orc warrior.
The orc warrior is almost dead.
The orc warrior barely misses you.
You barely miss the orc warrior. Your bite misses the orc warrior.
The orc warrior is almost dead.
The orc warrior hits you with a +0 battleaxe!!
Ouch! That really hurt!
* * * LOW HITPOINT WARNING * * *
The orc warrior hits you with a +0 battleaxe!
You die...

#. # #. .##.# ....
####..
......#######.#
#..@ooo....
#####..########
#...)........#
#.####.#####.#
#...#####.#
#####.#.......#
#......######.#
#.#..........#
#.######....###....


You could see an orc warrior and 2 orcs.

Vanquished Creatures
  An orc warrior (D:4)
  A black bear (D:5)
  A phantom (D:4)
  2 centaur zombies
  2 orc priests (D:4)
  A bullfrog skeleton (D:5)
  2 jellies (D:4)
  An orc wizard (D:6)
  A hound skeleton (D:3)
  3 gnolls (D:5)
  6 adders
  An adder zombie (D:3)
  2 adder skeletons
  2 worms
  3 dart slugs
  19 orcs
  6 ball pythons
  3 bats
  2 endoplasms
  3 giant cockroaches
  4 goblins
  8 hobgoblins
  12 jackals
  10 kobolds
  2 quokkas
  A ball python zombie (D:3)
  5 frilled lizards
  5 rats
109 creatures vanquished.

Notes
Turn   | Place    | Note
-------+----------+-------------------------------------------
     0 | D:1      | HallandMoats the Vine Stalker Fighter began the quest for
                  | the Orb.
     0 | D:1      | Reached XP level 1. HP: 11/11 MP: 2/2
    63 | D:1      | Reached XP level 2. HP: 2/16 MP: 3/3
   381 | D:1      | Found Haotoygain's Book Shop.
   536 | D:1      | Reached skill level 1 in Invocations
   539 | D:1      | Reached XP level 3. HP: 19/19 MP: 4/4
  1082 | D:2      | Gained mutation: Your natural rate of healing is unusually
                  | fast. [Vine Stalker growth]
  1082 | D:2      | Reached XP level 4. HP: 12/24 MP: 5/5
  1250 | D:2      | Found a faded altar of an unknown god.
  1582 | D:2      | You fall into a shaft and drop 2 floors!
  1613 | D:4      | Noticed an orc warrior
  1624 | D:4      | Killed an orc warrior
  1625 | D:4      | Reached skill level 1 in Dodging
  1625 | D:4      | Reached XP level 5. HP: 23/28 MP: 5/7
  1631 | D:4      | Reached XP level 6. HP: 32/32 MP: 5/8
  2373 | D:3      | Found a basalt altar of Yredelemnul.
  2893 | D:4      | Reached XP level 7. HP: 33/37 MP: 10/10
  3120 | D:5      | Entered Level 5 of the Dungeon
  4158 | D:6      | Slain by an orc warrior

Illustrated notes

Levels and vault maps discovered:
D:1:      minmay_arrival_five_plusses, layout_rooms, serial_shops, shop
D:2:      layout_loops_cross, ebering_ecumenical_altar_hall,
          chequers_serial_rivers_room_b, serial_bayou_pond_a
D:3:      layout_basic, nicolae_yredelemnul_corpse_copse
D:4:      layout_loops_ring
D:5:      layout_layer_cave
D:6:      layout_basic, temple_fountains

Skill      XL: |  1  2  3  4  5  6  7 |
---------------+----------------------+-----
Polearms       | 2 3 4 |  4.0
Invocations    | 1 2 3 |  3.4
Fighting       | 3 4 |  4.4
Shields        | 3 |  3.7
Dodging        | 1 |  1.8
Armour         | 3 |  3.3

Action                   |  1- 3 |  4- 6 |  7- 9 || total
-------------------------+-------+-------+-------++-------
Melee: Trident           |   118 |   163 |    48 ||   329
       Bite              |    25 |    45 |    18 ||    88
  Use: Potion            |       |     1 |       ||     1
       Scroll            |       |     3 |     2 ||     5
Armor: Scale mail        |    64 |    37 |    10 ||   111
Dodge: Dodged            |    86 |    56 |    30 ||   172
Block: Buckler           |    28 |    24 |    13 ||    65

Table legend: (Time is in decaauts)
 A = Elapsed time spent in this place.
 B = Non-inter-level travel time spent in this place.
 C = Inter-level travel time spent in this place.
 D = Time resting spent in this place.
 E = Time spent auto-exploring this place.
 F = Levels seen in this place.
 G = Mean time per level.
                   A        B        C        D        E       F      G
               +--------+--------+--------+--------+--------+-----+--------+
         Total |   4225 |   4111 |    114 |    261 |   3154 |   6 |  704.2 |
       Dungeon |   4225 |   4111 |    114 |    261 |   3154 |   6 |  704.2 |
               +--------+--------+--------+--------+--------+-----+--------+

Top non-repeatable levels by time:
     D:5: 1013 daAuts
     D:1: 979 daAuts
     D:3: 818 daAuts
     D:4: 747 daAuts
     D:2: 635 daAuts
     D:6: 31 daAuts
